 Dungeon Crawl Stone Soup version 0.24-a0-639-gb70a11d811 (webtiles) character file.

Game seed: 6510020483480848668, levelgen mode: deterministic

55420 immobiliser the Geomancer (level 14, -4/87 HPs)
             Began as a Gargoyle Earth Elementalist on Sept 21, 2019.
             Was a High Priest of Vehumet.
             Killed from afar by an elephant (23 damage)
             ... with an exploding inner flame
             ... hexed by the player character
             ... on level 5 of the Lair of Beasts on Sept 22, 2019.
             The game lasted 01:16:30 (20158 turns).

immobiliser the Geomancer (GrEE)                   Turns: 20158, Time: 01:16:31

Health: -4/87      AC: 23    Str: 12    XL:     14   Next: 77%
Magic:  17/36      EV: 21    Int: 28    God:    Vehumet [*****.]
Gold:   2049       SH:  0    Dex: 14    Spells: 12/32 levels left

rFire    . . .     SeeInvis +   S - +5 demon whip (flame)
rCold    + . .     Gourm    .   (no shield)
rNeg     + + .     Faith    .   F - +1 robe of Abstinence {rElec MR+ Int+3 SInv}
rPois    ∞         Spirit   .   (helmet restricted)
rElec    +         Reflect  .   e - +2 cloak
rCorr    .         Harm     .   H - +2 pair of gloves
MR       ++++.                  f - +2 pair of boots
Stlth    ++........             q - amulet of regeneration
HPRegen  0.64/turn              x - ring of magical power
MPRegen  0.25/turn              t - ring "Celirch" {rN+ MR++ EV+4 Dex+4}

@: flying
A: antennae 1, big wings, clever 2, cold resistance 1, negative energy
resistance 1, electricity resistance, unbreathing, petrification resistance, rot
immunity, AC +10
a: Stop Flying, Renounce Religion


You were on level 5 of the Lair of Beasts.
You worshipped Vehumet.
Vehumet was extremely pleased with you.
You were very hungry.

You visited 3 branches of the dungeon, and saw 21 of its levels.

You collected 3423 gold pieces.
You spent 1374 gold pieces at shops.

Inventory:

Hand Weapons
 y - a +5 short sword of electrocution
 S - a +5 demon whip of flaming (weapon)
Missiles
 b - 308 stones (quivered)
 k - 4 throwing nets
Armour
 e - a +2 cloak (worn)
 f - a +2 pair of boots (worn)
 z - a +2 robe of magic resistance
 F - the +1 robe of Abstinence (worn) {rElec MR+ Int+3 SInv}
   (You bought it in a shop on level 10 of the Dungeon)

   It affects your intelligence (+3).
   It insulates you from electricity.
   It affects your resistance to hostile enchantments.
   It lets you see invisible.
 H - a +2 pair of gloves (worn)
 O - the +1 robe of Bocaopec {Str+3 Slay+3}
   (You bought it in a shop on level 12 of the Dungeon)

   It affects your strength (+3).
   It affects your accuracy and damage with ranged weapons and melee attacks
   (+3).
Magical Staves
 D - an uncursed staff of wizardry
 L - an uncursed staff of energy
Jewellery
 q - an amulet of regeneration (around neck)
 t - the ring "Celirch" (right hand) {rN+ MR++ EV+4 Dex+4}
   (You found it on level 3 of the Lair of Beasts)

   [ring of evasion]

   It affects your evasion (+4).
   It affects your dexterity (+4).
   It protects you from negative energy.
   It affects your resistance to hostile enchantments.
 x - a ring of magical power (left hand)
 B - an uncursed ring of ice
 E - an uncursed ring of magical power
 M - an uncursed ring of wizardry
 T - an uncursed ring of fire
Wands
 a - a wand of enslavement (10)
 u - a wand of acid (24)
 w - a wand of flame (38)
 C - a wand of paralysis (4)
 I - a wand of disintegration (27)
 J - a wand of polymorph (19)
 N - a wand of iceblast (9)
Scrolls
 j - 4 scrolls of amnesia
 l - 5 scrolls of teleportation
 r - 4 scrolls of magic mapping
 s - 3 scrolls of fog
 v - 2 scrolls of blinking
 A - 6 scrolls of remove curse
 K - 5 scrolls of identify
Potions
 c - 2 potions of haste
 g - 5 potions of agility
 h - 2 potions of mutation
 i - 4 potions of lignification
 m - 2 potions of ambrosia
 o - 3 potions of berserk rage
 p - 8 potions of cancellation
 G - 3 potions of resistance
 P - 4 potions of brilliance
 Q - 5 potions of curing
Miscellaneous
 n - a lightning rod (4/4)
 U - a fan of gales
 V - a phantom mirror
Comestibles
 d - 28 rations
 W - 15 chunks of flesh


   Skills:
 + Level 9.8 Fighting
 + Level 9.0 Maces & Flails
 - Level 6.0 Armour
 + Level 7.8 Dodging
 - Level 2.1 Stealth
 + Level 9.7 Spellcasting
 + Level 11.1 Conjurations
   Level 0.7 Transmutations
 * Level 5.8 Fire Magic
 + Level 12.5 Earth Magic
 - Level 6.0 Evocations


You had 12 spell levels left.
You knew the following spells:

 Your Spells              Type           Power        Failure   Level  Hunger
a - Sandblast             Erth           ######       1%          1    None
b - Stone Arrow           Conj/Erth      ######       1%          3    None
c - Lee's Rapid Deconstr  Erth           ######....   1%          5    ####...
d - Iron Shot             Conj/Erth      ######....   1%          6    #####..
e - Bolt of Magma         Conj/Fire/Erth ######....   1%          5    ####...

Your spell library contained the following spells:

 Spells                   Type           Power        Failure   Level  Hunger
 Bolt of Cold             Conj/Ice       #####.....   17%         6    #####..
 Magic Dart               Conj           ####         1%          1    None
 Passwall                 Tmut/Erth      ######..     1%          2    None
 Conjure Flame            Conj/Fire      ######..     1%          3    None
 Dazzling Spray           Conj/Hex       #####.       1%          3    None
 Inner Flame              Hex/Fire       ####....     1%          3    None
 Mephitic Cloud           Conj/Pois/Air  ####....     1%          3    None
 Petrify                  Tmut/Erth      ######..     2%          4    None
 Leda's Liquefaction      Hex/Erth       #####.....   3%          4    None
 Animate Skeleton         Necr           N/A          4%          1    None
 Apportation              Tloc           ##....       4%          1    None
 Corona                   Hex            ##.....      4%          1    None
 Pain                     Necr           ##..         4%          1    None
 Summon Butterflies       Summ           ##......     4%          1    None
 Blink                    Tloc           N/A          6%          2    None
 Call Imp                 Summ           ##......     6%          2    None
 Ensorcelled Hibernation  Hex/Ice        ##....       6%          2    None
 Slow                     Hex            ##......     6%          2    None
 Confuse                  Hex            ##......     12%         3    None
 Lesser Beckoning         Tloc           ##........   12%         3    None
 Portal Projectile        Hex/Tloc       ##....       12%         3    None
 Regeneration             Chrm/Necr      ##........   12%         3    None
 Tukima's Dance           Hex            ##......     12%         3    None
 Vampiric Draining        Necr           ##........   12%         3    None
 Animate Dead             Necr           N/A          38%         4    None
 Cause Fear               Hex            ##........   38%         4    None
 Alistair's Intoxication  Tmut/Pois      ###.....     69%         5    ####...
 Invisibility             Hex            ##......     99%         6    #####..
 Shatter                  Erth           ######....   99%         9    #######
 Statue Form              Tmut/Erth      Unusable     N/A         6    N/A

Dungeon Overview and Level Annotations

Branches:
Dungeon (15/15)            Temple (1/1) D:5            Lair (5/6) D:10
  Swamp (0/4) Lair:3        Snake (0/4) Lair:3          Orc (0/2) D:10
 Vaults (0/5) D:14         Depths (0/5) D:15
  Slime: Lair:5-6

Altars:
Ashenzari
Dithmenos
Gozag
Hepliaklqana
Kikubaaqudgha
Makhleb
Okawaru
Vehumet
Wu Jian
Xom
Zin
The Shining One

Shops:
D:6 ?   D:10 [   D:12 ?}(?*   D:14 !

Portals:
Trove: D:11 (give 19 scrolls of identify)

Annotations:
D:7 1 runed translucent door, PeterQ's ghost, novice TrHu
D:11 3 runed translucent doors, exclusion: obsidian statue, PeterQ's ghost, journeyman TrHu
D:12 3 runed translucent doors, Deroc's ghost, journeyman FoVM
D:13 3 runed translucent doors, Queg's ghost, journeyman TeCj
Lair:5 3 runed translucent doors, Gassoqo's ghost, journeyman GrGl; Gicu's ghost, journeyman MiFi; Ishiemor's ghost, journeyman CeHu


Innate Abilities, Weirdness & Mutations

You are resistant to torment.
Your stone body is resilient. (AC +10)
You are immune to poison.
Your large and strong wings let you fly indefinitely.
You resist negative energy. (rN+)
You are resistant to electric shocks. (rElec)
You can survive without breathing.
You are immune to petrification.
You are immune to rotting.
You have a pair of small antennae on your head.
Your mind is very acute. (Int +4)
Your flesh is cold resistant. (rC+)


Message History

The fiery explosion engulfs the elephant!!!
The elephant is severely wounded.
The fiery explosion engulfs the elephant!!
The elephant is almost dead.
The fiery explosion engulfs you!!
* * * LOW HITPOINT WARNING * * *
Vehumet accepts your kill.
You feel your power returning.
The fiery explosion engulfs the elephant!!
The elephant explodes!
The fiery explosion engulfs the elephant!!!
The elephant explodes!
The fiery explosion engulfs the elephant.
The elephant is almost dead.
Vehumet accepts your kill.
You feel your power returning.
The fiery explosion engulfs the elephant!!
The elephant explodes!
The fiery explosion engulfs you!!
You die...

...###.P.......>.....
.##..#...............
.....................
#..#.....P...........
# ##§#..............
#§§§§............
#§§§§............
####§§§§............
#.P@§§§§............
#Y.§#§§§............
P....#§.§.............
.≈...#. ..........
..................
....%............
F.P.... ........
....... ......


You could see an elephant and a bullfrog.

Vanquished Creatures
  Roxanne (D:14)
  Harold (Lair:2)
  8 vault guards (D:14)
  2 hydras
  The ghost of Avodethru the Thaumaturge, a journeyman DEWz of Ashenzari (Lair:3)
  Erica (Lair:1)
  A centaur warrior (D:15)
  2 death knights (D:13)
  A tengu warrior (D:13)
  5 death yaks (Lair:3)
  Urug (D:12)
  7 hell knights (D:13)
  A skeletal warrior (D:13)
  3 unseen horrors
  A deep elf mage (D:14)
  An orc knight (D:10)
  2 necromancers (D:13)
  2 statues (D:14)
  A cyclops (D:11)
  4 ugly things
  A manticore (D:13)
  2 centaur zombies
  A black mamba (Lair:4)
  Maurice (D:8)
  Psyche (D:8)
  5 elephants
  A gargoyle (D:14)
  7 spiny frogs
  6 komodo dragons
  An efreet (D:14)
  2 rime drakes
  2 freezing wraiths (D:13)
  2 trolls
  9 blink frogs
  4 hippogriffs
  A vampire (D:14)
  4 wyverns
  A wraith (D:13)
  3 basilisks
  29 yaks
  A hungry ghost (D:14)
  3 vampire mosquitoes (D:13)
  2 steam dragons
  Edmund (D:4)
  2 soldier ants (D:8)
  11 water moccasins
  7 hell hounds (D:13)
  6 porcupines
  13 orc warriors
  A hornet zombie (D:11)
  5 ice beasts
  2 sky beasts
  A necrophage (D:10)
  2 phantoms
  A black bear (D:9)
  3 wolves (Lair:1)
  7 centaurs
  5 ogres
  5 crocodiles
  9 bullfrogs
  3 wyvern skeletons
  2 scorpions
  A water moccasin skeleton (D:11)
  3 killer bees (D:11)
  4 howler monkeys
  6 wights
  An electric eel (Lair:2)
  12 crimson imps
  A bullfrog zombie (D:5)
  4 jellies
  2 quasits
  5 hounds
  A bullfrog skeleton (D:8)
  3 centaur skeletons
  9 orc priests
  Natasha (D:3)
  A gnoll shaman (D:6)
  Ijyb (D:5)
  Terence (D:2)
  5 iguanas
  6 worker ants
  11 orc wizards
  A hound zombie (D:11)
  5 gnolls (D:6)
  9 adders
  4 shadow imps
  2 oozes
  An adder skeleton (D:6)
  4 worms
  2 dart slugs
  6 leopard geckos
  62 orcs
  A ball python (D:5)
  8 bats
  4 giant cockroaches
  12 goblins
  10 hobgoblins
  13 jackals
  2 quokkas
  5 frilled lizards
  2 kobolds (D:3)
  A leopard gecko skeleton (D:4)
  A quokka skeleton (D:5)
  4 rats
  2 bushes (D:14)
  A fungus (Lair:3)
461 creatures vanquished.

Vanquished Creatures (others)
  An orc (D:8)
  2 fungi
  A plant (Lair:1)
  A withered plant (Lair:5)
5 creatures vanquished.

Grand Total: 466 creatures vanquished

Notes
Turn   | Place    | Note
-------+----------+-------------------------------------------
     0 | D:1      | immobiliser the Gargoyle Earth Elementalist began the quest
                  | for the Orb.
     0 | D:1      | Reached XP level 1. HP: 10/10 MP: 3/3
   145 | D:1      | Reached XP level 2. HP: 15/15 MP: 3/5
   198 | D:1      | Reached skill level 4 in Earth Magic
   663 | D:1      | Reached XP level 3. HP: 19/19 MP: 4/6
   670 | D:1      | Learned a level 3 spell: Stone Arrow
   838 | D:2      | Gained mutation: You can translocate small distances at
                  | will. [potion of mutation]
   838 | D:2      | Gained mutation: Your flesh is cold resistant. (rC+)
                  | [potion of mutation]
   838 | D:2      | Gained mutation: You expend magic power (3 MP) to
                  | strengthen your wands. [potion of mutation]
   839 | D:2      | Lost mutation: You expend magic power (3 MP) to strengthen
                  | your wands. [potion of mutation]
   839 | D:2      | Lost mutation: You can translocate small distances at will.
                  | [potion of mutation]
   839 | D:2      | Gained mutation: Your mind is acute. (Int +2) [potion of
                  | mutation]
   839 | D:2      | Gained mutation: You have a pair of small antennae on your
                  | head. [potion of mutation]
   839 | D:2      | Gained mutation: Your mind is very acute. (Int +4) [potion
                  | of mutation]
  1216 | D:2      | Reached skill level 1 in Conjurations
  1287 | D:2      | Reached XP level 4. HP: 24/24 MP: 4/8
  1569 | D:2      | Noticed Terence
  1575 | D:2      | Killed Terence
  1974 | D:3      | Noticed Natasha
  1979 | D:3      | Killed Natasha
  1979 | D:3      | Reached skill level 5 in Earth Magic
  1979 | D:3      | Reached XP level 5. HP: 26/28 MP: 5/9
  1993 | D:3      | Learned a level 5 spell: Lee's Rapid Deconstruction
  2814 | D:4      | Reached XP level 6. HP: 26/32 MP: 2/11
  3247 | D:4      | Noticed Edmund
  3254 | D:4      | Killed Edmund
  3254 | D:4      | Reached skill level 6 in Earth Magic
  3254 | D:4      | Reached XP level 7. HP: 34/36 MP: 5/13
  3807 | D:5      | Entered Level 5 of the Dungeon
  3978 | D:5      | Found a staircase to the Ecumenical Temple.
  3992 | Temple   | Entered the Ecumenical Temple
  4003 | Temple   | Became a worshipper of Vehumet
  4051 | D:5      | Reached skill level 7 in Earth Magic
  4139 | D:5      | Noticed Ijyb
  4141 | D:5      | Killed Ijyb
  4162 | D:5      | Found a glowing golden altar of the Shining One.
  4164 | D:5      | Found a burning altar of Makhleb.
  4211 | D:5      | Reached skill level 5 in Spellcasting
  4211 | D:5      | Reached XP level 8. HP: 42/42 MP: 9/15
  4465 | D:5      | Found a hazy altar of Hepliaklqana.
  4669 | D:5      | Reached skill level 1 in Fighting
  4669 | D:5      | Reached skill level 1 in Armour
  4669 | D:5      | Reached skill level 5 in Conjurations
  4673 | D:5      | Reached skill level 1 in Maces & Flails
  4837 | D:6      | Reached skill level 1 in Evocations
  4861 | D:6      | Reached * piety under Vehumet
  4861 | D:6      | Offered knowledge of Flame Tongue by Vehumet.
  5090 | D:6      | Found an ornate altar of the Wu Jian Council.
  5576 | D:6      | Reached XP level 9. HP: 6/49 MP: 1/17
  5886 | D:6      | Found Jofapn's Magic Scroll Shoppe.
  5909 | D:6      | Bought a scroll of magic mapping for 42 gold pieces
  5909 | D:6      | Bought a scroll of enchant weapon for 90 gold pieces
  5964 | D:7      | Found an ornate altar of the Wu Jian Council.
  5967 | D:7      | Found an opulent altar of Gozag.
  6129 | D:7      | Found a runed translucent door.
  6129 | D:7      | Noticed PeterQ's ghost (novice TrHu)
  6282 | D:7      | Found a shattered altar of Ashenzari.
  6479 | D:7      | Noticed an angel
  6483 | D:7      | Found a glowing silver altar of Zin.
  6483 | D:7      | Found a shimmering altar of Xom.
  6703 | D:8      | Noticed Maurice
  6707 | D:8      | Killed Maurice
  6707 | D:8      | Offered knowledge of Shock by Vehumet.
  6707 | D:8      | Reached skill level 8 in Earth Magic
  6748 | D:8      | Reached ** piety under Vehumet
  6901 | D:8      | Found a shadowy altar of Dithmenos.
  7287 | D:8      | Noticed Psyche
  7295 | D:8      | Killed Psyche
  7295 | D:8      | Reached XP level 10. HP: 54/56 MP: 14/19
  7532 | D:9      | Identified a scroll of acquirement
  7719 | D:9      | Offered knowledge of Throw Frost by Vehumet.
  8337 | D:10     | Entered Level 10 of the Dungeon
  8445 | D:10     | Reached *** piety under Vehumet
  8815 | D:10     | Found Soth's Armour Shop.
  8831 | D:10     | Found a staircase to the Orcish Mines.
  8835 | D:10     | Noticed an orc knight
  8849 | D:10     | Reached skill level 9 in Earth Magic
  8862 | D:10     | Killed an orc knight
  8895 | D:10     | Bought the +1 robe of Abstinence {rElec MR+ Int+3 SInv} for
                  | 501 gold pieces
  9124 | D:10     | Offered knowledge of Sticky Flame by Vehumet.
  9240 | D:10     | Found a burning altar of Makhleb.
  9240 | D:10     | Noticed a cacodemon
  9244 | D:10     | Noticed a smoke demon
  9244 | D:10     | Noticed a smoke demon
  9307 | D:10     | Found a staircase to the Lair.
  9313 | D:10     | Reached skill level 5 in Fighting
  9314 | D:10     | Reached skill level 5 in Armour
  9463 | D:10     | Reached XP level 11. HP: 64/64 MP: 21/21
  9567 | D:11     | Found a runed translucent gate.
  9567 | D:11     | Found a runed translucent gate.
  9567 | D:11     | Found a runed translucent gate.
  9572 | D:11     | Found an ancient bone altar of Kikubaaqudgha.
  9594 | D:11     | Noticed a cyan ugly thing
  9602 | D:11     | Killed a cyan ugly thing
  9782 | D:11     | Reached skill level 5 in Maces & Flails
  9783 | D:11     | Noticed a cyclops
  9789 | D:11     | Killed a cyclops
  9793 | D:11     | Reached **** piety under Vehumet
  9901 | D:11     | Found an opulent altar of Gozag.
  9901 | D:11     | Noticed an obsidian statue
  9901 | D:11     | Noticed a cyan ugly thing
  9908 | D:11     | Killed a cyan ugly thing
 10049 | D:11     | Noticed a six-headed hydra
 10049 | D:11     | Noticed a cyclops
 10050 | D:11     | Noticed PeterQ's ghost (journeyman TrHu)
 10051 | D:11     | Noticed a deep troll
 10094 | D:11     | Offered knowledge of Iskenderun's Mystic Blast by Vehumet.
 10334 | D:11     | Found a portal to a secret trove of treasure.
 10410 | D:11     | Reached skill level 5 in Evocations
 10490 | D:11     | Noticed a white ugly thing
 10496 | D:11     | Killed a white ugly thing
 11045 | D:12     | Noticed Urug
 11055 | D:12     | Reached skill level 5 in Dodging
 11060 | D:12     | Killed Urug
 11291 | D:12     | Reached skill level 10 in Earth Magic
 11552 | D:12     | Found a runed translucent gate.
 11553 | D:12     | Noticed a red ugly thing
 11560 | D:12     | Killed a red ugly thing
 11560 | D:12     | Reached XP level 12. HP: 71/71 MP: 23/23
 11583 | D:12     | Noticed a tengu warrior
 11583 | D:12     | Noticed a tengu warrior
 11584 | D:12     | Found a runed translucent gate.
 11586 | D:12     | Noticed Deroc's ghost (journeyman FoVM)
 11588 | D:12     | Found a runed translucent gate.
 11589 | D:12     | Identified the +1 ring mail of Bobbilo {*Slow MR+ Dex+2}
 11589 | D:12     | Noticed a tengu warrior
 11594 | D:12     | Found an iron altar of Okawaru.
 11616 | D:12     | Found Jucibbul's Gadget Emporium.
 11673 | D:12     | Found Buceu's Weapon Boutique.
 11676 | D:12     | You fall into a shaft and drop 3 floors!
 11676 | D:15     | Entered Level 15 of the Dungeon
 11678 | D:15     | Found a glowing silver altar of Zin.
 11697 | D:15     | Noticed a centaur warrior
 11704 | D:15     | Killed a centaur warrior
 11725 | D:15     | Noticed a five-headed hydra
 11759 | D:14     | Reached ***** piety under Vehumet
 11950 | D:14     | Offered knowledge of Bolt of Cold by Vehumet.
 12197 | D:12     | Found Roch's Magic Scroll Boutique.
 12205 | D:12     | Bought a scroll of identify for 28 gold pieces
 12205 | D:12     | Bought a scroll of identify for 28 gold pieces
 12205 | D:12     | Bought a scroll of remove curse for 42 gold pieces
 12205 | D:12     | Bought a scroll of identify for 28 gold pieces
 12205 | D:12     | Bought a scroll of identify for 28 gold pieces
 12205 | D:12     | Bought a scroll of identify for 28 gold pieces
 12205 | D:12     | Bought a scroll of identify for 28 gold pieces
 12205 | D:12     | Bought a scroll of identify for 28 gold pieces
 12219 | D:12     | Found Ashrulu's Assorted Antiques.
 12222 | D:12     | Bought 2 brown potions for 41 gold pieces
 12223 | D:12     | Bought a shadowed robe for 131 gold pieces
 12223 | D:12     | Identified the +1 robe of Bocaopec {Str+3 Slay+3} (You
                  | bought it in a shop on level 12 of the Dungeon)
 12374 | D:12     | Found Ewaeh's Magic Scroll Boutique.
 12399 | D:12     | Bought a scroll of immolation for 56 gold pieces
 12680 | D:13     | Identified the +1 robe of the Townfolk {+Fly rPois rF-
                  | Dex+3}
 12731 | D:13     | Noticed Queg's ghost (journeyman TeCj)
 12735 | D:13     | Noticed a minotaur
 12801 | D:13     | Found a runed translucent gate.
 12801 | D:13     | Found a runed translucent gate.
 12801 | D:13     | Found a runed translucent gate.
 13029 | D:13     | Noticed a tengu warrior
 13037 | D:13     | Killed a tengu warrior
 13160 | D:13     | Identified the +1 robe of an ice cave {Regen+ Str+4 Dex+4}
                  | (You found it on level 13 of the Dungeon)
 13264 | D:13     | Noticed a death knight
 13304 | D:13     | Killed a death knight
 13505 | D:13     | Noticed a death knight
 13516 | D:13     | Killed a death knight
 13817 | D:13     | Reached skill level 11 in Earth Magic
 13984 | D:13     | Noticed a hell knight
 13986 | D:13     | Reached XP level 13. HP: 78/78 MP: 25/25
 14558 | D:14     | Reached skill level 10 in Conjurations
 14610 | D:14     | Noticed a vault guard
 14687 | D:14     | Noticed a vault guard
 14693 | D:14     | Killed a vault guard
 14763 | D:14     | Noticed a vault guard
 14765 | D:14     | Noticed a vault guard
 14778 | D:14     | Killed a vault guard
 14779 | D:14     | Killed a vault guard
 14790 | D:14     | Killed a vault guard
 14932 | D:14     | Noticed Roxanne
 14937 | D:14     | Killed Roxanne
 14940 | D:14     | Noticed a vault guard
 14968 | D:14     | Killed a vault guard
 15069 | D:14     | Learned a level 6 spell: Iron Shot
 15075 | D:14     | Learned a level 5 spell: Bolt of Magma
 15075 | D:14     | Noticed a vault guard
 15085 | D:14     | Killed a vault guard
 15281 | D:14     | Reached skill level 1 in Fire Magic
 15318 | D:14     | Noticed a vault guard
 15327 | D:14     | Killed a vault guard
 15332 | D:14     | Noticed a vault guard
 15339 | D:14     | Killed a vault guard
 15501 | D:14     | Found a gate to the Vaults.
 15634 | D:14     | Found Feobim's Distillery.
 15647 | D:14     | Bought a potion of haste for 110 gold pieces
 15647 | D:14     | Bought a potion of mutation for 88 gold pieces
 15647 | D:14     | Bought a potion of agility for 44 gold pieces
 15647 | D:14     | Bought a potion of curing for 33 gold pieces
 16036 | Lair:1   | Entered Level 1 of the Lair of Beasts
 16452 | Lair:1   | Gained mutation: Your large and strong wings let you fly
                  | indefinitely. [Gargoyle growth]
 16452 | Lair:1   | Reached XP level 14. HP: 78/86 MP: 27/27
 16501 | Lair:1   | Noticed Erica
 16510 | Lair:1   | Killed Erica
 16510 | Lair:1   | Reached skill level 12 in Earth Magic
 16728 | Lair:2   | Noticed Harold
 16741 | Lair:2   | Killed Harold
 17525 | Lair:3   | Found a runed translucent door.
 17535 | Lair:3   | Noticed Avodethru's ghost (journeyman DEWz)
 17560 | Lair:3   | Got a sparkling brass ring
 17561 | Lair:3   | Identified the ring "Celirch" {rN+ MR++ EV+4 Dex+4} (You
                  | found it on level 3 of the Lair of Beasts)
 17618 | Lair:3   | Found a staircase to the Swamp.
 18277 | Lair:3   | Found a staircase to the Snake Pit.
 18735 | Lair:3   | Killed Avodethru's ghost
 19211 | Lair:4   | Reached skill level 5 in Fire Magic
 19996 | Lair:5   | Found a runed translucent gate.
 20069 | Lair:5   | Found a runed translucent gate.
 20075 | Lair:5   | Found a runed translucent gate.
 20075 | Lair:5   | Noticed Gassoqo's ghost (journeyman GrGl)
 20076 | Lair:5   | Noticed Ishiemor's ghost (journeyman CeHu)
 20076 | Lair:5   | Noticed Gicu's ghost (journeyman MiFi)
 20158 | Lair:5   | Killed from afar by an elephant

Levels and vault maps discovered:
D:1:      saegor_arrival_simple_c, layout_basic
D:2:      kennysheep_the_goblin_king, layout_basic, nrook_mini_vaults,
          uniq_terence
D:3:      layout_loops_ring, first_ration, uniq_natasha
D:4:      layout_loops_ring, uniq_edmund
D:5:      layout_gridville, chequers_temple_overflow_statue_of_worship,
          marbit_many_paths, minmay_temple_entry_offerings, uniq_ijyb
D:6:      layout_rooms, serial_shops, nicolae_shop_trees, minmay_ruined_shrine
D:7:      layout_basic, grunt_temple_overflow_order_and_chaos_1,
          evilmike_ruin_ashenzari, nicolae_overflow_hidden_temple,
          hellmonk_ghost_happy_afterlife
D:8:      layout_basic, lemuel_crystal_altar, hangedman_pestilent_swarm,
          uniq_maurice, uniq_psyche
D:9:      layout_basic
D:10:     layout_basic, david_lair_generic, orc_david_3, chequers_jeans,
          makhleb_altar_promises_db
D:11:     layout_basic, nicolae_trove_entry_crossroad, basic_altar, special_room
          [special_room_orc], ebering_ghost_gozag
D:12:     layout_loops_ring, gammafunk_ghost_fury_of_okawaru, serial_shops,
          shop, nicolae_shop_waterfront, shop_statue, kennysheep_mini_moat,
          shop, uniq_urug
D:13:     layout_irregular_city, maelrawn_ghost_gauntlet_escape,
          minmay_rotating_lava
D:14:     layout_irregular_city, erik_vaults_2, ebering_dispersal_statue_hall,
          serial_shops, shop, serial_bayou_pond_d, minmay_dual_archer_statues,
          uniq_roxanne
D:15:     grunt_enter_depths_snipers, layout_layer_cave, minivault_19,
          basic_altar, minivault_10
Temple:   nicolae_temple_god_jail
Lair:1:   layout_roguey, uniq_erica
Lair:2:   layout_misc_corridors, serial_bayou_shore_a, uniq_harold
Lair:3:   layout_cave_pods, swamp_mist, dummy_snake_entry,
          ebering_ghost_reflecting_pool, lemuel_fruit_tree
Lair:4:   layout_cave_pods, grunt_megastairs_1
Lair:5:   beast_lair_carwin_large_4, layout_cave_shapes,
          gammafunk_ghost_cemetery, serial_bayou_shore_b

Skill      XL: |  1  2  3  4  5  6  7  8  9 10 11 12 13 14 |
---------------+-------------------------------------------+-----
Earth Magic    | 4 5 6 7 8 9 10 11 12 | 12.5
Conjurations   | 1 2 3 4 5 6 7 8 9 10 11 | 11.1
Spellcasting   | 3 4 5 6 7 8 9 |  9.7
Fighting       | 2 4 5 6 7 9 |  9.8
Armour         | 2 4 5 6 |  6.0
Maces & Flails | 2 3 4 5 7 8 9 |  9.0
Dodging        | 2 3 4 5 6 7 |  7.8
Evocations     | 2 3 4 5 6 |  6.0
Fire Magic     | 2 5 |  5.8
Stealth        | |  2.1
Transmutations | |  0.7

Action                   |  1- 3 |  4- 6 |  7- 9 | 10-12 | 13-15 || total
-------------------------+-------+-------+-------+-------+-------++-------
Melee: Club              |    55 |     8 |       |       |       ||    63
       Mace              |       |    76 |   114 |       |       ||   190
       Short sword       |       |       |    44 |   231 |    59 ||   334
       Demon whip        |       |       |       |       |   119 ||   119
 Cast: Sandblast         |    43 |    42 |    65 |    63 |    75 ||   288
       Stone Arrow       |       |     2 |    20 |   149 |    64 ||   235
       Lee's Rapid Decon |       |       |    22 |    55 |    66 ||   143
       Iron Shot         |       |       |       |       |    37 ||    37
       Bolt of Magma     |       |       |       |       |    13 ||    13
 Abil: Fly               |       |       |       |       |     1 ||     1
Evoke: Wand              |       |       |    11 |    13 |    11 ||    35
  Use: Scroll            |     5 |     2 |    10 |    16 |     8 ||    41
       Potion            |     2 |       |       |    10 |     4 ||    16
 Stab: Sleeping          |     1 |     1 |     1 |     2 |       ||     5
       Distracted        |       |     1 |       |       |       ||     1
       Paralysed         |       |       |       |     8 |       ||     8
  Eat: Chunk             |     1 |     7 |    13 |    26 |    20 ||    67
       Ration            |       |       |     2 |     2 |     6 ||    10
Armor: Robe              |    29 |    39 |   104 |   201 |    94 ||   467
Dodge: Dodged            |    52 |    69 |   155 |   256 |   227 ||   759

Table legend:
 A = Non-vault XP
 B = Vault XP
 C = Vault XP percentage of total XP
 D = Non-vault monster count
 E = Vault monster count
 F = Vault count percentage of total count
                 A         B        C        D         E       F
            +---------+---------+-------+---------+---------+-------
      Total |   50598 |   28574 |  36.1 |     368 |      90 |  19.7
            +---------+---------+-------+---------+---------+-------
        D:1 |      37 |       0 |   0.0 |      21 |       0 |   0.0
        D:2 |      50 |      50 |  50.0 |      12 |       8 |  40.0
        D:3 |      23 |      37 |  61.7 |      13 |       1 |   7.1
        D:4 |     521 |     162 |  23.7 |      28 |       1 |   3.4
        D:5 |     543 |      36 |   6.2 |      20 |       1 |   4.8
        D:6 |     876 |     212 |  19.5 |      31 |       3 |   8.8
        D:7 |     256 |       0 |   0.0 |       5 |       0 |   0.0
        D:8 |    1034 |    1250 |  54.7 |      15 |       6 |  28.6
        D:9 |    1208 |       0 |   0.0 |      20 |       0 |   0.0
       D:10 |    1537 |    1505 |  49.5 |      22 |       8 |  26.7
       D:11 |    5334 |     782 |  12.8 |      38 |      24 |  38.7
       D:12 |    3500 |     831 |  19.2 |      21 |       1 |   4.5
       D:13 |    8150 |    7733 |  48.7 |      27 |      16 |  37.2
       D:14 |    3463 |   10985 |  76.0 |      14 |      11 |  44.0
       D:15 |     923 |       0 |   0.0 |       1 |       0 |   0.0
     Lair:1 |    4262 |     934 |  18.0 |      19 |       1 |   5.0
     Lair:2 |    2450 |     976 |  28.5 |      10 |       1 |   9.1
     Lair:3 |    8105 |     950 |  10.5 |      22 |       1 |   4.3
     Lair:4 |    6354 |    1180 |  15.7 |      22 |       5 |  18.5
     Lair:5 |    1972 |     951 |  32.5 |       7 |       2 |  22.2
            +---------+---------+-------+---------+---------+-------
